 Dungeon Crawl Stone Soup version 0.21.0-24-g2553a33 (webtiles) character file.

2736 raph the Chiller (level 9, -2/72 HPs)
             Began as a Grey Draconian Ice Elementalist on Jan 20, 2018.
             Slain by a two-headed ogre
             ... wielding a +0 giant club
              (20 damage)
             ... on level 8 of the Dungeon.
             The game lasted 00:18:23 (9543 turns).

raph the Chiller (Grey Draconian Ice Elementalist)  Turns: 9543, Time: 00:18:24

Health: -2/72      AC: 20    Str: 13    XL:     9   Next: 40%
Magic:  16/16      EV: 15    Int: 17    God:
Gold:   516        SH:  4    Dex: 17    Spells: 0/17 levels left

rFire    . . .     SeeInvis .   f - +1 dagger (venom)
rCold    . . .     Gourm    .   (no shield)
rNeg     . . .     Faith    .   (armour unavailable)
rPois    .         Spirit   .   (helmet restricted)
rElec    .         Reflect  +   (no cloak)
rCorr    .         Harm     .   c - +1 pair of gloves {Str+3}
MR       .....                  (no boots)
Stlth    +++.......             m - +4 amulet of reflection
HPRegen  0.22/turn              s - +3 ring of dexterity
MPRegen  0.15/turn              (no ring)

@: lethally poisoned (-2 -> -3), icy armour, slow
A: walk through water, unfitting armour, unbreathing, cold-blooded, AC +12
a: no special abilities


You were on level 8 of the Dungeon.
You were very hungry.

You visited 2 branches of the dungeon, and saw 9 of its levels.

You collected 516 gold pieces.

Inventory:

Hand Weapons
 f - a +1 dagger of venom (weapon)
Missiles
 d - 368 stones
 t - 6 tomahawks (quivered)
Armour
 c - a +1 pair of gloves of strength (worn)
Jewellery
 m - a +4 amulet of reflection (around neck)
 s - a +3 ring of dexterity (left hand)
Scrolls
 h - 3 scrolls of remove curse
 i - a scroll of blinking
 k - 2 scrolls of fog
 n - a scroll of identify
 q - a scroll of immolation
 u - a scroll of teleportation
 x - a scroll of fear
Potions
 e - a potion of berserk rage
 g - 2 potions of brilliance
 j - a potion of haste
 p - 3 potions of magic
 r - a potion of flight {unknown}
 v - a potion of curing {unknown}
 w - 2 potions of heal wounds {unknown}
Books
 a - a book of Frost

   Spells                             Type                      Level
   a - Freeze                         Ice                          1
   b - Throw Frost                    Conjuration/Ice              2
   c - Ozocubu's Armour               Charms/Ice                   3
   d - Throw Icicle                   Conjuration/Ice              4
   e - Summon Ice Beast               Ice/Summoning                4
 l - a book of Misfortune

   Spells                             Type                      Level
   a - Confusing Touch                Hexes                        1
   b - Confuse                        Hexes                        3
   c - Gell's Gravitas                Translocation                3
   d - Petrify                        Transmutation/Earth          4
   e - Metabolic Englaciation         Hexes/Ice                    5
   f - Yara's Violent Unravelling     Hexes/Transmutation          5
 o - a book of Battle

   Spells                             Type                      Level
   a - Infusion                       Charms                       1
   b - Shroud of Golubria             Charms/Translocation         2
   c - Song of Slaying                Charms                       2
   d - Spectral Weapon                Hexes/Charms                 3
   e - Regeneration                   Charms/Necromancy            3
Comestibles
 b - 6 rations
 z - 3 chunks of flesh


   Skills:
 + Level 4.3 Fighting
 - Level 0.2 Short Blades
 + Level 4.8 Dodging
 + Level 5.1 Stealth
 + Level 4.8 Spellcasting
 + Level 4.1 Conjurations
 + Level 2.0 Charms
 * Level 7.8 Ice Magic


You couldn't memorise any spells.
You knew the following spells:

 Your Spells              Type           Power        Failure   Level  Hunger
a - Freeze                Ice            ####         1%          1    None
b - Throw Frost           Conj/Ice       ###...       1%          2    #......
c - Ozocubu's Armour      Chrm/Ice       ###.....     5%          3    ###....
d - Throw Icicle          Conj/Ice       ###.....     12%         4    ####...
e - Regeneration          Chrm/Necr      #.........   28%         3    ###....
f - Summon Ice Beast      Ice/Summ       ###.....     28%         4    ####...


Dungeon Overview and Level Annotations

Branches:
Dungeon (8/15)             Temple (1/1) D:6
   Lair: D:8-11

Altars:
Ashenzari
Cheibriados
Dithmenos
Elyvilon
Fedhas
Gozag
Hepliaklqana
Makhleb
Nemelex Xobeh
Okawaru
Qazlal
Ru
Sif Muna
Trog
Uskayaw
Vehumet
Wu Jian
Xom
Yredelemnul
The Shining One

Annotations:
D:3 taran's ghost, amateur OgMo


Innate Abilities, Weirdness & Mutations

You can walk through water.
Your dull iron-grey scales are very hard. (AC +12)
You cannot fit into any form of body armour.
You can survive without breathing.
You are cold-blooded and may be slowed by cold attacks.


Message History

The two-headed ogre closely misses you.
The two-headed ogre hits you with a giant club!
You hit the two-headed ogre but do no damage.
The two-headed ogre looks as sick as possible!
The two-headed ogre is moderately wounded.
You feel sick.
You see here an arrow.
You barely miss the two-headed ogre.
The two-headed ogre is moderately wounded.
The two-headed ogre hits you with a giant club!
The two-headed ogre misses you.
You hit the two-headed ogre.
The two-headed ogre looks as sick as possible!
The two-headed ogre is moderately wounded.
The two-headed ogre barely misses you.
The two-headed ogre hits you with a giant club.
* * * LOW HITPOINT WARNING * * *
Magic courses through your body.
You feel sick.
The two-headed ogre hits you with a giant club!!
You die...

(.................#
........##'.......#
#...#...##'.......#
....#...##'.......#
...(#........######
.......(.....########
............รท'......#
(......(....K######.#
.......(.....KKO@<#
...........(K######
.......###+###
.......# .#.....#
.......# ......##
......


You could see a two-headed ogre and 4 kobolds.

Vanquished Creatures
  A steam dragon (D:6)
  A black bear (D:7)
  2 sky beasts
  2 ice beasts
  An ogre (D:6)
  4 centaurs
  5 bullfrogs
  A big kobold (D:8)
  2 scorpions
  2 crimson imps
  3 bullfrog zombies
  A quasit (D:7)
  A bullfrog skeleton (D:6)
  2 orc priests
  4 hounds
  A centaur skeleton (D:6)
  3 iguanas
  Natasha (thrice) (D:2)
  5 orc wizards
  8 worker ants
  A killer bee zombie (D:7)
  A worker ant zombie (D:6)
  7 gnolls
  A howler monkey skeleton (D:8)
  9 adders
  A shadow imp (D:6)
  2 oozes
  An adder skeleton (D:6)
  7 worms
  3 dart slugs
  8 leopard geckos
  21 orcs
  A ball python (D:1)
  5 bats
  6 giant cockroaches
  4 goblins
  7 hobgoblins
  10 jackals
  6 kobolds
  A quokka (D:4)
  6 frilled lizards
  A jackal skeleton (D:4)
  A leopard gecko skeleton (D:7)
  3 rats
165 creatures vanquished.

Notes
Turn   | Place    | Note
-------+----------+-------------------------------------------
     0 | D:1      | raph the Draconian Ice Elementalist began the quest for the Orb.
     0 | D:1      | Reached XP level 1. HP: 14/14 MP: 3/3
   436 | D:1      | Reached XP level 2. HP: 20/20 MP: 1/5
   489 | D:1      | Learned a level 2 spell: Throw Frost
  1668 | D:2      | Reached XP level 3. HP: 26/26 MP: 4/6
  1692 | D:2      | Learned a level 3 spell: Ozocubu's Armour
  1738 | D:2      | Noticed Natasha
  1747 | D:2      | Killed Natasha
  2312 | D:2      | Reached XP level 4. HP: 33/33 MP: 2/7
  2314 | D:2      | Reached skill level 4 in Ice Magic
  2351 | D:2      | Noticed Natasha
  2553 | D:2      | Killed Natasha
  2765 | D:2      | Noticed Natasha
  2771 | D:2      | Killed Natasha
  2771 | D:2      | Reached XP level 5. HP: 28/38 MP: 2/9
  2863 | D:2      | Found an ornate altar of the Wu Jian Council.
  2871 | D:2      | Found an ornate altar of the Wu Jian Council.
  2871 | D:2      | Found a shimmering altar of Xom.
  2873 | D:2      | Found a stormy altar of Qazlal.
  2873 | D:2      | Found a glowing golden altar of the Shining One.
  2873 | D:2      | Found an opulent altar of Gozag.
  2991 | D:2      | Found a stormy altar of Qazlal.
  3005 | D:2      | Found a bloodstained altar of Trog.
  3177 | D:3      | Noticed taran's ghost (amateur OgMo)
  4399 | D:3      | Found a deep blue altar of Sif Muna.
  4740 | D:4      | Reached XP level 6. HP: 45/45 MP: 6/10
  4950 | D:4      | Reached skill level 1 in Charms
  5086 | D:4      | Reached skill level 5 in Ice Magic
  5122 | D:4      | Learned a level 4 spell: Throw Icicle
  5184 | D:4      | Reached skill level 1 in Fighting
  5626 | D:5      | Entered Level 5 of the Dungeon
  5641 | D:5      | Your scales start taking on a dull iron-grey colour.
  5641 | D:5      | Reached XP level 7. HP: 49/52 MP: 6/11
  5641 | D:5      | Gained mutation: You can survive without breathing. [Grey Draconian growth]
  6264 | D:5      | Found a blossoming altar of Fedhas.
  6470 | D:5      | Reached skill level 6 in Ice Magic
  6534 | D:5      | Reached XP level 8. HP: 62/62 MP: 13/13
  7411 | D:6      | Found a shattered altar of Ashenzari.
  7567 | D:6      | Found a radiant altar of Vehumet.
  7567 | D:6      | Found a glowing golden altar of the Shining One.
  7570 | D:6      | Found an opulent altar of Gozag.
  7624 | D:6      | Found a staircase to the Ecumenical Temple.
  7633 | Temple   | Entered the Ecumenical Temple
  8297 | D:6      | Reached skill level 7 in Ice Magic
  8661 | D:7      | Reached XP level 9. HP: 46/71 MP: 15/15
  8957 | D:7      | Reached skill level 5 in Stealth
  9314 | D:7      | Learned a level 3 spell: Regeneration
  9319 | D:7      | Learned a level 4 spell: Summon Ice Beast
  9328 | D:7      | Found a blossoming altar of Fedhas.
  9328 | D:7      | Found a shimmering altar of Xom.
  9329 | D:7      | Found a hide-covered altar of Uskayaw.
  9329 | D:7      | Found an ornate altar of the Wu Jian Council.
  9522 | D:8      | Noticed a two-headed ogre
  9543 | D:8      | Slain by a two-headed ogre

Skill      XL: |  1  2  3  4  5  6  7  8  9 |
---------------+----------------------------+-----
Stealth        | 2 3 4 5 |  5.1
Dodging        | 2 3 4 |  4.8
Ice Magic      | 4 5 6 7 |  7.8
Spellcasting   | 3 4 |  4.8
Charms         | 1 2 |  2.0
Fighting       | 1 2 3 4 |  4.3
Conjurations   | 2 3 4 |  4.1
Short Blades   | |  0.2

Action                   |  1- 3 |  4- 6 |  7- 9 || total
-------------------------+-------+-------+-------++-------
Melee: Dagger            |    31 |   199 |   413 ||   643
       Tailslap          |     5 |    25 |    72 ||   102
 Cast: Freeze            |    22 |    25 |    32 ||    79
       Throw Frost       |     4 |     6 |    10 ||    20
       Ozocubu's Armour  |       |     6 |    24 ||    30
       Throw Icicle      |       |       |     5 ||     5
       Regeneration      |       |       |     1 ||     1
  Use: Scroll            |       |       |    14 ||    14
       Potion            |       |       |     1 ||     1
 Stab: Sleeping          |     4 |     9 |     8 ||    21
  Eat: Chunk             |     4 |     8 |    13 ||    25
       Ration            |       |     1 |     1 ||     2
Armor: Skin              |     9 |    57 |   227 ||   293
Dodge: Dodged            |    33 |   133 |   349 ||   515
Block: Other             |       |       |    53 ||    53
       Reflection        |       |       |     7 ||     7
